General information
- name: BNet
- type: Ladder team game (AT/RT)
- host: Battle.net
- saver: h4xxxxx
map: DragonFalls
- players: 8
- length: 35:31
- speed: Fast
- version: 1.24 W3XP
- replay type: Public
» download(252 KB)
Players
team 1 (winner)
h4xxxxx (
pink | 106 APM | 3771 actions | 35:31)
7 Death Knight
3 Death Coil
3 Unholy Aura
1 Animate Dead
6 Lich
1 Dark Ritual
3 Frost Nova
1 Frost Armor
1 Death and Decay
6 Crypt Lord
3 Impale
1 Carrion Beetles
1 Spiked Carapace
1 Locust Swarm
» actions
| Assign group hotkey | 58 | |
| Basic commands | 9 | |
| Build / train | 98 | |
| ESC pressed | 6 | |
| Enter build submenu | 33 | |
| Enter hero's abilities submenu | 21 | |
| Give item / drop item | 10 | |
| Right click | 1247 | |
| Select / deselect | 1069 | |
| Select group hotkey | 1013 | |
| Use ability | 207 | |
3771 total
» units
| Acolyte | 13 | |
| Ghoul | 3 | |
| Crypt Fiend | 12 | |
| Frost Wyrm | 5 | |
| Chimaera | 1 | |
| Gargoyle | 2 | |
36 total
» upgrades
| Creature Attack | 1 | |
| Burrow | 1 | |
| Web | 1 | |
| Creature Carapace | 3 | |
6 total
» buildings
| Crypt | 3 | |
| Graveyard | 1 | |
| Altar of Darkness | 1 | |
| Ziggurat | 11 | |
| Tomb of Relics | 1 | |
| Necropolis | 4 | |
| Halls of the Dead | 2 | |
| Black Citadel | 1 | |
| Sacrificial Pit | 1 | |
| Boneyard | 2 | |
| Spirit Tower | 6 | |
| Nerubian Tower | 2 | |
35 total
» build order
00:08 Crypt
00:14 Crypt
00:16 Crypt
00:19 Graveyard
00:43 Altar of Darkness
01:00 Ziggurat
01:25 Tomb of Relics
02:07 Ziggurat
04:18 Necropolis
04:57 Halls of the Dead
05:23 Ziggurat
07:19 Black Citadel
07:49 Sacrificial Pit
07:50 Ziggurat
08:14 Ziggurat
10:14 Boneyard
10:16 Boneyard
12:28 Spirit Tower
12:28 Spirit Tower
12:29 Nerubian Tower
12:40 Ziggurat
18:45 Nerubian Tower
20:30 Ziggurat
20:31 Ziggurat
20:32 Ziggurat
23:45 Spirit Tower
23:45 Spirit Tower
26:17 Spirit Tower
26:18 Spirit Tower
28:57 Necropolis
30:16 Necropolis
32:48 Ziggurat
32:48 Ziggurat
34:03 Necropolis
34:42 Halls of the Dead
» items
| Rod of Necromancy | 4 | |
| Dust of Appearance | 2 | |
| Scroll of Healing | 5 | |
| Potion of Lesser Invulnerability | 1 | |
| Orb of Corruption | 1 | |
| Scroll of Town Portal | 5 | |
| Potion of Mana | 2 | |
| Lesser Clarity Potion | 2 | |
| Orb of Lightning | 1 | |
23 total
Mes-Couilles.fr (
teal | 48 APM | 1520 actions | 31:26)
5 Blademaster
3 Mirror Image
1 Wind Walk
1 Critical Strike
4 Shadow Hunter
2 Healing Wave
2 Hex
1 Keeper of the Grove
1 Entangling Roots
» actions
| Build / train | 83 | |
| Enter build submenu | 18 | |
| Enter hero's abilities submenu | 12 | |
| Give item / drop item | 2 | |
| Right click | 911 | |
| Select / deselect | 371 | |
| Use ability | 123 | |
1520 total
» units
| Peon | 12 | |
| Troll Headhunter/Berserker | 12 | |
| Raider | 12 | |
| Chimaera | 4 | |
| Troll Witch Doctor | 7 | |
47 total
» upgrades
| Spiked Barricades | 1 | |
| Armor | 4 | |
| Ensnare | 1 | |
| Melee Weapons | 3 | |
| Witch Doctor Training | 2 | |
| Pillage | 1 | |
| Berserker Upgrade | 1 | |
| Troll Regeneration | 1 | |
14 total
» buildings
| Altar of Storms | 1 | |
| Orc Burrow | 4 | |
| Voodoo Lounge | 1 | |
| War Mill | 1 | |
| Barracks | 1 | |
| Watch Tower | 3 | |
| Stronghold | 1 | |
| Fortress | 1 | |
| Beastiary | 1 | |
| Spirit Lodge | 1 | |
| Great Hall | 5 | |
20 total
» build order
00:10 Altar of Storms
00:16 Orc Burrow
00:53 Voodoo Lounge
01:09 War Mill
01:43 Barracks
02:24 Watch Tower
02:31 Orc Burrow
02:42 Watch Tower
03:24 Watch Tower
04:19 Stronghold
04:38 Orc Burrow
07:20 Fortress
07:57 Beastiary
08:04 Spirit Lodge
09:13 Great Hall
10:38 Orc Burrow
11:55 Great Hall
14:17 Great Hall
16:59 Great Hall
24:11 Great Hall
» items
| Healing Salve | 3 | |
| Orb of Lightning | 1 | |
| Potion of Mana | 1 | |
| Scroll of Town Portal | 3 | |
8 total

»
Moshkandi (
blue | 39 APM | 1240 actions | 31:33)
4 Warden
2 Shadow Strike
1 Fan of Knives
1 Blink
2 Keeper of the Grove
1 Entangling Roots
1 Thorns Aura
» actions
| Assign group hotkey | 8 | |
| Basic commands | 43 | |
| Build / train | 68 | |
| Enter build submenu | 27 | |
| Enter hero's abilities submenu | 6 | |
| Remove unit from queue | 5 | |
| Right click | 518 | |
| Select / deselect | 384 | |
| Select group hotkey | 123 | |
| Use ability | 58 | |
1240 total
» units
| Wisp | 18 | |
| Archer | 3 | |
| Huntress | 6 | |
| Glaive Thrower | 4 | |
| Dryad | 7 | |
| Hippogryph | 9 | |
47 total
» upgrades
| Vorpal Blades | 1 | |
| Strength of the Wild | 1 | |
| Druid of the Talon Training | 2 | |
| Hippogryph Taming | 1 | |
| Mark of the Talon | 1 | |
6 total
» buildings
| Ancient of War | 2 | |
| Moon Well | 10 | |
| Altar of Elders | 1 | |
| Hunter's Hall | 1 | |
| Tree of Ages | 2 | |
| Ancient Protector | 2 | |
| Ancient of Lore | 4 | |
| Tree of Eternity | 1 | |
| Tree of Life | 1 | |
| Chimaera Roost | 2 | |
| Ancient of Wind | 1 | |
27 total
» build order
00:12 Ancient of War
00:31 Moon Well
00:58 Altar of Elders
01:24 Moon Well
02:28 Hunter's Hall
03:02 Moon Well
03:54 Ancient of War
04:56 Moon Well
07:00 Tree of Ages
07:50 Moon Well
09:06 Moon Well
09:11 Ancient Protector
09:42 Ancient of Lore
10:41 Tree of Eternity
10:44 Ancient of Lore
12:22 Tree of Life
12:26 Ancient Protector
15:26 Chimaera Roost
15:29 Chimaera Roost
15:50 Tree of Ages
16:51 Moon Well
16:52 Moon Well
16:53 Moon Well
16:54 Moon Well
17:02 Ancient of Wind
22:54 Ancient of Lore
22:55 Ancient of Lore

»
eizzz (
green | 38 APM | 502 actions | 13:08)
2 Keeper of the Grove
1 Entangling Roots
1 Thorns Aura
» actions
| Build / train | 47 | |
| Enter build submenu | 15 | |
| Enter hero's abilities submenu | 2 | |
| Remove unit from queue | 1 | |
| Right click | 273 | |
| Select / deselect | 133 | |
| Use ability | 31 | |
502 total
» units
» upgrades
| Strength of the Wild | 1 | |
| Reinforced Hides | 1 | |
| Corrosive Breath | 1 | |
3 total
» buildings
| Altar of Elders | 1 | |
| Moon Well | 7 | |
| Tree of Ages | 1 | |
| Hunter's Hall | 1 | |
| Ancient Protector | 2 | |
| Tree of Eternity | 1 | |
| Ancient of Wind | 1 | |
| Chimaera Roost | 3 | |
17 total
» build order
00:03 Altar of Elders
00:04 Moon Well
02:00 Tree of Ages
02:05 Moon Well
02:25 Hunter's Hall
04:16 Moon Well
04:33 Ancient Protector
04:34 Moon Well
04:36 Moon Well
06:05 Tree of Eternity
07:46 Ancient of Wind
08:55 Chimaera Roost
09:14 Moon Well
09:16 Moon Well
10:15 Chimaera Roost
11:34 Chimaera Roost
12:31 Ancient Protector
team 2 (loser)
Klaus-Peter (
red | 69 APM | 2464 actions | 35:31)
8 Demon Hunter
3 Mana Burn
3 Evasion
1 Metamorphosis
1 Immolation
» actions
| Assign group hotkey | 40 | |
| Build / train | 77 | |
| ESC pressed | 2 | |
| Enter build submenu | 25 | |
| Enter hero's abilities submenu | 8 | |
| Give item / drop item | 2 | |
| Right click | 1133 | |
| Select / deselect | 452 | |
| Select group hotkey | 641 | |
| Use ability | 84 | |
2464 total
» units
| Wisp | 18 | |
| Archer | 8 | |
| Satyr Shadowdancer | 1 | |
| Furbolg Shaman | 2 | |
| Dryad | 13 | |
| Druid of the Claw | 7 | |
49 total
» upgrades
| Reinforced Hides | 3 | |
| Strength of the Wild | 3 | |
| Druid of the Claw Training | 2 | |
| Abolish Magic | 1 | |
9 total
» buildings
| Altar of Elders | 1 | |
| Moon Well | 9 | |
| Ancient of War | 2 | |
| Tree of Ages | 1 | |
| Hunter's Hall | 1 | |
| Tree of Life | 6 | |
| Ancient of Lore | 2 | |
| Tree of Eternity | 1 | |
| Ancient Protector | 1 | |
24 total
» build order
00:11 Altar of Elders
00:17 Moon Well
00:33 Ancient of War
01:28 Moon Well
02:24 Moon Well
03:18 Tree of Ages
03:41 Moon Well
04:40 Hunter's Hall
04:47 Tree of Life
06:16 Ancient of Lore
06:19 Ancient of Lore
09:15 Tree of Eternity
16:52 Ancient Protector
20:31 Moon Well
22:53 Moon Well
26:44 Tree of Life
27:54 Tree of Life
28:58 Tree of Life
31:30 Tree of Life
31:54 Moon Well
31:55 Moon Well
31:56 Moon Well
31:58 Ancient of War
34:18 Tree of Life
» items
| Scroll of Regeneration | 2 | |
| Mechanical Critter | 1 | |
| Scroll of Town Portal | 3 | |
| Orb of Fire | 1 | |
7 total

»
lolpiplol (
orange | 50 APM | 1770 actions | 35:31)
4 Blademaster
2 Wind Walk
2 Critical Strike
» actions
| Assign group hotkey | 8 | |
| Basic commands | 131 | |
| Build / train | 58 | |
| Enter build submenu | 46 | |
| Enter hero's abilities submenu | 4 | |
| Right click | 838 | |
| Select / deselect | 253 | |
| Select group hotkey | 351 | |
| Use ability | 81 | |
1770 total
» units
| Peon | 25 | |
| Troll Batrider | 13 | |
| Tauren | 2 | |
| Shaman | 1 | |
41 total
» upgrades
| Liquid Fire | 1 | |
| Shaman Training | 2 | |
| Spiked Barricades | 1 | |
4 total
» buildings
| Altar of Storms | 3 | |
| Orc Burrow | 11 | |
| War Mill | 2 | |
| Stronghold | 1 | |
| Voodoo Lounge | 2 | |
| Beastiary | 2 | |
| Fortress | 1 | |
| Spirit Lodge | 1 | |
| Tauren Totem | 1 | |
| Great Hall | 4 | |
| Watch Tower | 7 | |
35 total
» build order
00:08 Altar of Storms
00:15 Orc Burrow
00:43 War Mill
01:58 Stronghold
02:11 Orc Burrow
02:23 Voodoo Lounge
03:26 Orc Burrow
04:37 Beastiary
04:42 Beastiary
04:48 Orc Burrow
05:03 Fortress
06:12 Orc Burrow
11:25 Spirit Lodge
13:03 Voodoo Lounge
13:05 Tauren Totem
14:23 Orc Burrow
16:55 Great Hall
17:33 Great Hall
20:37 Orc Burrow
21:18 Altar of Storms
23:00 Altar of Storms
23:04 Orc Burrow
23:07 Orc Burrow
24:27 Orc Burrow
26:02 Great Hall
31:34 War Mill
32:24 Great Hall
33:05 Watch Tower
33:07 Watch Tower
33:10 Watch Tower
33:25 Watch Tower
33:52 Watch Tower
33:56 Watch Tower
34:01 Watch Tower
34:29 Orc Burrow
» items
| Healing Salve | 3 | |
| Lesser Clarity Potion | 2 | |
| Orb of Lightning | 1 | |
6 total
Thalim_13k (
purple | 60 APM | 2128 actions | 35:31)
7 Pandaren Brewmaster
3 Breath of Fire
3 Drunken Haze
1 Storm Earth and Fire
6 Naga Sea Witch
2 Frost Arrows
3 Forked Lightning
1 Tornado
» actions
| Assign group hotkey | 31 | |
| Basic commands | 4 | |
| Build / train | 90 | |
| Enter build submenu | 19 | |
| Enter hero's abilities submenu | 14 | |
| Remove unit from queue | 4 | |
| Right click | 1094 | |
| Select / deselect | 568 | |
| Select group hotkey | 219 | |
| Use ability | 85 | |
2128 total
» units
| Wisp | 22 | |
| Huntress | 3 | |
| Chimaera | 13 | |
| Hippogryph | 6 | |
44 total
» upgrades
| Well Spring | 1 | |
| Strength of the Wild | 3 | |
| Ultravision | 1 | |
| Corrosive Breath | 1 | |
| Reinforced Hides | 2 | |
8 total
» buildings
| Moon Well | 7 | |
| Altar of Elders | 1 | |
| Hunter's Hall | 1 | |
| Ancient of War | 1 | |
| Tree of Ages | 2 | |
| Tree of Eternity | 2 | |
| Ancient of Wind | 1 | |
| Chimaera Roost | 2 | |
| Ancient of Wonders | 1 | |
| Tree of Life | 3 | |
21 total
» build order
00:19 Moon Well
01:11 Altar of Elders
01:26 Hunter's Hall
01:54 Ancient of War
02:24 Moon Well
02:56 Tree of Ages
04:50 Moon Well
05:39 Tree of Eternity
05:39 Tree of Eternity
07:17 Ancient of Wind
08:31 Chimaera Roost
08:33 Chimaera Roost
08:37 Ancient of Wonders
10:06 Moon Well
10:19 Tree of Life
11:45 Moon Well
12:50 Moon Well
18:30 Tree of Life
23:40 Moon Well
26:33 Tree of Life
» items
| Healing Salve | 1 | |
| Lesser Clarity Potion | 1 | |
| Scroll of Speed | 2 | |
| Potion of Mana | 1 | |
| Potion of Healing | 2 | |
| Scroll of Town Portal | 5 | |
| Staff of Preservation | 1 | |
| Anti-magic Potion | 1 | |
14 total

»
SkillZzZzZ (
yellow | 48 APM | 1704 actions | 35:31)
6 Archmage
3 Summon Water Elemental
2 Brilliance Aura
1 Mass Teleport
» actions
| Assign group hotkey | 13 | |
| Basic commands | 96 | |
| Build / train | 76 | |
| Enter build submenu | 25 | |
| Enter hero's abilities submenu | 6 | |
| Give item / drop item | 2 | |
| Remove unit from queue | 7 | |
| Right click | 758 | |
| Select / deselect | 444 | |
| Select group hotkey | 159 | |
| Use ability | 116 | |
1704 total
» units
| Peasant | 14 | |
| Mortar Team | 8 | |
| Siege Engine | 13 | |
| Flying Machine | 2 | |
37 total
» upgrades
| Gunpowder | 3 | |
| Plating | 3 | |
| Flare | 1 | |
| Fragmentation Shards | 1 | |
| Barrage | 1 | |
9 total
» buildings
| Altar of Kings | 2 | |
| Farm | 23 | |
| Lumber Mill | 1 | |
| Scout Tower | 6 | |
| Arcane Vault | 1 | |
| Guard Tower | 5 | |
| Arcane Tower | 1 | |
| Blacksmith | 1 | |
| Keep | 3 | |
| Castle | 1 | |
| Workshop | 2 | |
| Town Hall | 1 | |
47 total
» build order
00:18 Altar of Kings
00:21 Farm
00:40 Farm
00:53 Lumber Mill
01:07 Scout Tower
01:08 Scout Tower
01:37 Arcane Vault
02:25 Scout Tower
02:39 Guard Tower
02:46 Farm
02:58 Scout Tower
03:04 Arcane Tower
03:06 Guard Tower
03:20 Blacksmith
03:26 Guard Tower
03:32 Farm
03:52 Keep
05:00 Scout Tower
05:01 Scout Tower
05:07 Farm
05:08 Farm
05:11 Farm
06:14 Castle
06:18 Guard Tower
06:24 Workshop
06:26 Workshop
06:57 Guard Tower
08:32 Farm
08:33 Farm
09:47 Farm
09:48 Farm
11:23 Farm
11:23 Farm
11:24 Farm
11:25 Farm
11:31 Farm
11:32 Farm
11:32 Farm
11:33 Farm
23:20 Town Hall
24:32 Altar of Kings
26:27 Farm
26:28 Farm
26:29 Farm
26:29 Farm
26:32 Keep
» items
| Lesser Clarity Potion | 1 | |
| Boots of Speed | 1 | |
| Scroll of Town Portal | 2 | |
| Scroll of Regeneration | 1 | |
| Periapt of Vitality | 1 | |
6 total
Chat log
(00:24 / Allies) h4xxxxx: hI 100g pls
(00:43 / Allies) eizzz: me fast tech
(00:44 / Allies) eizzz: schim
(00:47 / Allies) eizzz: schims
(00:49 / Allies) eizzz: hypo
(02:03 / Allies) Moshkandi: fast tech or towers
(03:58 / All) Thalim_13k: to late
(04:29 / All) SkillZzZzZ: low
(04:44 / All) Moshkandi: low to go on mortars / sorceress
(05:07 / Allies) Moshkandi: need to kick him
(05:17 / Allies) h4xxxxx: why?
(05:18 / Allies) Moshkandi: w8
(05:33 / Allies) Moshkandi: he will do mortars with sorce... invisibality
(05:38 / Allies) Moshkandi: and kick our mains
(05:45 / Allies) h4xxxxx: so tower, dust
(06:27 / Allies) eizzz: tp pls
(06:30 / Allies) h4xxxxx: fu
(07:58 / All) SkillZzZzZ: LOW
(09:13 / Allies) h4xxxxx: take
(10:08 / Allies) Moshkandi: as i told you
(11:10 / Allies) eizzz: wood pls
(11:17 / Allies) h4xxxxx: buy shredder
(11:25 / Allies) eizzz: thhx
(12:18 / All) SkillZzZzZ: <3
(12:47 / All) Moshkandi: and no come with your mortars...
(12:51 / All) Moshkandi: now..
(12:59 / Allies) h4xxxxx: stfu low bot
(13:06 / Allies) Mes-Couilles.fr: mk some hippos
(13:43 / Allies) h4xxxxx: blue u sux
(16:52 / Allies) h4xxxxx: go finish
(17:09 / Allies) Mes-Couilles.fr: comin
(17:17 / Allies) Mes-Couilles.fr: w8 me pink
(17:41 / Allies) h4xxxxx: tp all
(18:34 / Allies) h4xxxxx: tp to me
(18:35 / Allies) h4xxxxx: fast
(19:12 / Allies) h4xxxxx: kill
(21:05 / Allies) h4xxxxx: go here
(21:08 / Allies) h4xxxxx: i take tp
(22:11 / Allies) h4xxxxx: b
(29:01 / Allies) h4xxxxx: shit
(29:11 / Allies) h4xxxxx: tp